 Dungeon Crawl Stone Soup version 0.24.0-13-gcf9b3192b9 (webtiles) character file.

Game seed: 18376836235949520302, levelgen mode: deterministic

898 Acheron the Cutter (level 8, -1/46 HPs)
             Began as a Kobold Skald on Nov 9, 2019.
             Was an Initiate of Cheibriados.
             Slain by an ice beast (12 damage)
             ... on level 4 of the Dungeon.
             The game lasted 00:43:54 (7444 turns).

Acheron the Cutter (Kobold Skald)                   Turns: 7444, Time: 00:43:55

Health: -1/46      AC:  8    Str: 11    XL:     8   Next: 28%
Magic:  13/13      EV: 14    Int: 16    God:    Cheibriados [......]
Gold:   236        SH:  9    Dex: 15    Spells: 8/13 levels left

rFire    . . .     SeeInvis .   a - +1 short sword
rCold    . . .     Gourm    .   u - +0 buckler
rNeg     . . .     Faith    .   c - +0 ring mail
rPois    +         Spirit   .   w - +1 helmet
rElec    .         Reflect  +   B - +0 cloak
rCorr    .         Harm     .   (no gloves)
MR       .....                  (no boots)
Stlth    ++........             m - +4 amulet of reflection
HPRegen  0.15/turn              n - ring of poison resistance
MPRegen  0.13/turn              v - ring of flight

@: very slow
A: small, carnivore
a: Bend Time, Renounce Religion, Evoke Flight


You were on level 4 of the Dungeon.
You worshipped Cheibriados.
Cheibriados was noncommittal.
You were very full.

You visited 1 branch of the dungeon, and saw 5 of its levels.

You collected 236 gold pieces.

Inventory:

Hand Weapons
 a - a +1 short sword (weapon)
 f - a +1 vampiric dagger
 i - a +0 flail
 o - a +0 hunting sling
 q - a +0 rapier
 x - a +0 trident
 z - a +0 hand crossbow
 A - a +2 quarterstaff of chaos
 F - a +0 hand axe of freezing
Missiles
 e - 88 stones
 p - 3 boomerangs (quivered)
 E - 2 throwing nets
 H - 16 sling bullets
Armour
 c - a +0 ring mail (worn)
 u - a +0 buckler (worn)
 w - a +1 helmet (worn)
 B - a +0 cloak (worn)
Jewellery
 j - an uncursed ring of ice
 m - a +4 amulet of reflection (around neck)
 n - a ring of poison resistance (left hand)
 v - a ring of flight (right hand)
Wands
 r - a wand of digging (4)
Scrolls
 g - 3 scrolls of remove curse
 l - 3 scrolls of identify
 y - a scroll of amnesia
 D - 3 scrolls of enchant weapon
 I - a scroll of immolation
Potions
 b - a potion of heal wounds {unknown}
 h - 4 potions of mutation
 k - a potion of invisibility {unknown}
 s - a potion of haste {unknown}
 C - a potion of brilliance {unknown}
 G - a potion of magic {unknown}
Comestibles
 d - 7 rations


   Skills:
 * Level 3.3 Fighting
 * Level 5.6 Short Blades
 * Level 1.3 Axes
 * Level 2.2 Armour
 * Level 4.0 Dodging
 * Level 4.0 Stealth
 * Level 1.4 Shields
 * Level 3.4 Spellcasting
 + Level 3.2 Charms
 * Level 2.4 Translocations
 * Level 1.7 Evocations


You had 8 spell levels left.
You knew the following spells:

 Your Spells              Type           Power        Failure   Level  Hunger
a - Infusion              Chrm           ##..         16%         1    None
b - Song of Slaying       Chrm           ##......     24%         2    ##.....
c - Shroud of Golubria    Chrm/Tloc      ##....       28%         2    ##.....

Your spell library contained the following spells:

 Spells                   Type           Power        Failure   Level  Hunger
 Regeneration             Chrm/Necr      #.........   67%         3    ###....
 Spectral Weapon          Hex/Chrm       #.......     67%         3    ###....


Dungeon Overview and Level Annotations

Branches:
Dungeon (5/15)
 Temple: D:4-7

Altars:
Cheibriados
Elyvilon
Nemelex Xobeh
Trog
Vehumet
Xom
The Shining One

Annotations:
D:2 exclusion: downstairs, Sigmund
D:3 Ijyb
D:5 Menkaure


Innate Abilities, Weirdness & Mutations

You are small and have problems with some larger weapons.
You are carnivorous and can eat meat at any time.


Message History

As you read the scroll labeled ROXKEFR IJOCZIMP, it crumbles to dust.
The creatures around you are filled with an inner flame!
It was a scroll of immolation.
You block the ice beast's attack. You block the ice beast's attack.
The ice beast hits you but does no damage.
You block the ice beast's attack.
The ice beast hits you but does no damage.
You block the ice beast's attack. The ice beast misses you.
The ice beast's inner flame fades away.
You block the ice beast's attack.
There is a stone staircase leading up here.
You block the ice beast's attack.
You climb upwards.
There is a stone staircase leading down here.
The ice beast hits you but does no damage.
The ice beast hits you.
* * * LOW HITPOINT WARNING * * *
The ice beast freezes you!
You die...

)# ##...O......# .#
##..# ###.#.##..#
#....# ###.#.##..#
###..# ....#.##..#
#..#
##)....#O.######@.#
#..............Y.#
##....#####.####.#
###.#.## #>#
#...#.# . #.#
#.###.####.... #.#
#.# #.O..O.... ..#
#.# #..###.... ###
### #### .


You could see an ice beast.

Vanquished Creatures
  2 sky beasts (D:5)
  Blork the orc (D:5)
  A howler monkey (D:3)
  A crimson imp (D:5)
  A bullfrog zombie (D:5)
  A jelly (D:5)
  2 orc wizards (D:4)
  An orc priest (D:3)
  Crazy Yiuf (D:4)
  An iron imp (D:5)
  3 worker ants
  A hound zombie (D:5)
  4 adders
  3 gnolls (D:4)
  2 shadow imps (D:5)
  4 worms
  2 dart slugs
  5 leopard geckos
  16 orcs
  6 giant cockroaches
  10 goblins
  A hobgoblin (D:2)
  2 jackals (D:1)
  A quokka (D:3)
  2 ball pythons
  8 bats
  9 frilled lizards
  10 kobolds
  A leopard gecko skeleton (D:3)
  A leopard gecko zombie (D:5)
  A quokka skeleton (D:4)
  8 rats
  A fungus (D:4)
113 creatures vanquished.

Vanquished Creatures (others)
  A centaur (D:5)
1 creature vanquished.

Grand Total: 114 creatures vanquished

Notes
Turn   | Place    | Note
-------+----------+-------------------------------------------
     0 | D:1      | Acheron the Kobold Skald began the quest for the Orb.
     0 | D:1      | Reached XP level 1. HP: 12/12 MP: 3/3
   142 | D:1      | Reached XP level 2. HP: 15/17 MP: 0/5
   215 | D:1      | Learned a level 2 spell: Song of Slaying
   218 | D:1      | Learned a level 2 spell: Shroud of Golubria
   312 | D:2      | Reached skill level 1 in Stealth
   601 | D:2      | Reached skill level 3 in Short Blades
   601 | D:2      | Reached XP level 3. HP: 21/21 MP: 3/6
  1512 | D:2      | Found a radiant altar of Vehumet.
  1538 | D:2      | Noticed Sigmund
  1559 | D:3      | Reached XP level 4. HP: 14/26 MP: 7/7
  2077 | D:3      | Reached skill level 1 in Armour
  2450 | D:3      | Noticed Ijyb
  2837 | D:2      | Found a sparkling altar of Nemelex Xobeh.
  2845 | D:2      | Reached skill level 1 in Translocations
  3002 | D:2      | Reached XP level 5. HP: 28/31 MP: 2/9
  4236 | D:5      | Entered Level 5 of the Dungeon
  4244 | D:5      | Found a glowing golden altar of the Shining One.
  4414 | D:4      | Noticed an ogre
  4830 | D:4      | Noticed Blork the orc
  4895 | D:4      | Found a runed translucent door.
  4896 | D:4      | Noticed Crazy Yiuf
  4919 | D:4      | Killed Crazy Yiuf
  4919 | D:4      | Reached skill level 4 in Short Blades
  4919 | D:4      | Reached XP level 6. HP: 12/36 MP: 5/10
  5186 | D:4      | Noticed a spatial vortex
  5195 | D:5      | Killed Blork the orc
  5343 | D:5      | Found a white marble altar of Elyvilon.
  5345 | D:5      | Noticed Menkaure
  5352 | D:5      | Noticed a sky beast
  5880 | D:4      | Found a bloodstained altar of Trog.
  6416 | D:4      | Reached XP level 7. HP: 39/40 MP: 7/11
  6825 | D:5      | Found a snail-covered altar of Cheibriados.
  6847 | D:5      | Reached skill level 1 in Shields
  6847 | D:5      | Reached skill level 1 in Evocations
  6977 | D:5      | Became a worshipper of Cheibriados the Contemplative
  7032 | D:5      | Reached skill level 5 in Short Blades
  7032 | D:5      | Reached skill level 1 in Axes
  7104 | D:5      | Reached XP level 8. HP: 40/46 MP: 8/13
  7287 | D:5      | Found a shimmering altar of Xom.
  7444 | D:4      | Slain by an ice beast

Levels and vault maps discovered:
D:1:      dpeg_arrival_houses_and_road, layout_loops_ring, st_stairs_14
D:2:      layout_loops_ring, vehumet_crystals,
          nemelex_xobeh_ov_fountains_minmay, serial_glass, glass_columns_a,
          glass_columns_b, uniq_sigmund
D:3:      minmay_angry_zag, layout_basic, first_ration, uniq_ijyb
D:4:      layout_loops_ring, lightli_temple_of_fire, uniq_blork_the_orc,
          uniq_crazy_yiuf_cottage
D:5:      minmay_recursive_quarters, layout_basic,
          nicolae_overflow_crystal_walls, kennysheep_mini_moat, slow_altar_1,
          basic_altar, uniq_menkaure

Skill      XL: |  1  2  3  4  5  6  7  8 |
---------------+-------------------------+-----
Stealth        | 1 2 3 4 |  4.0
Short Blades   | 3 4 5 |  5.6
Armour         | 1 2 |  2.2
Translocations | 1 2 |  2.4
Charms         | 3 |  3.2
Dodging        | 3 4 |  4.0
Spellcasting   | 3 |  3.4
Shields        | 1 |  1.4
Evocations     | 1 |  1.7
Fighting       | 3 |  3.3
Axes           | 1 |  1.3

Action                   |  1- 3 |  4- 6 |  7- 9 || total
-------------------------+-------+-------+-------++-------
Melee: Short sword       |   116 |   308 |   116 ||   540
Throw: Throwing net      |       |     1 |       ||     1
 Cast: Infusion          |    23 |    37 |    13 ||    73
       Shroud of Golubri |     3 |     5 |       ||     8
  Use: Scroll            |     7 |     4 |     1 ||    12
       Potion            |       |     1 |       ||     1
 Stab: Sleeping          |       |     1 |     2 ||     3
       Distracted        |       |       |     1 ||     1
  Eat: Chunk             |    11 |    16 |     3 ||    30
Armor: Leather armour    |     1 |       |       ||     1
       Ring mail         |    54 |    64 |    23 ||   141
Dodge: Dodged            |    86 |   126 |    33 ||   245
Block: Other             |     3 |    15 |       ||    18
       Reflection        |       |     2 |     2 ||     4
       Buckler           |       |    37 |    50 ||    87
